 Dungeon Crawl Stone Soup version 0.20.0-15-g7f486f2 (webtiles) character file.

29127 kuniqs the Protected (level 13, 119/119 HPs)
             Began as a Minotaur Fighter on June 9, 2017.
             Was the Champion of Fedhas.
             Quit the game on level 1 of the Lair of Beasts.
             The game lasted 00:19:41 (13931 turns).

kuniqs the Protected (Minotaur Fighter)            Turns: 13931, Time: 00:19:42

Health: 119/119    AC: 19    Str: 21    XL:     13   Next: 13%
Magic:  21/21      EV: 10    Int:  5    God:    Fedhas [******]
Gold:   837        SH: 19    Dex: 15    Spells: 12/12 levels left

rFire    . . .     SeeInvis .   O - +7 morningstar (flame)
rCold    . . .     Gourm    .   q - +0 large shield
rNeg     . . .     Faith    .   H - +0 plate armour (curse)
rPois    .         Spirit   .   (helmet restricted)
rElec    .         Reflect  .   b - +0 cloak
rCorr    .         Harm     .   l - +1 pair of gloves
MR       .....                  (no boots)
Stlth    ..........             k - amulet of rage
Regen    0.3/turn               x - ring of magical power
MPRegen  0.2/turn               (no ring)

@: no status effects
A: retaliatory headbutt, horns 2
a: Fungal Bloom, Evolution, Sunlight, Growth, Reproduction, Rain, Renounce
Religion, Evoke Berserk Rage


You were on level 1 of the Lair of Beasts.
You worshipped Fedhas.
Fedhas was exalted by your worship.
You were full.

You visited 2 branches of the dungeon, and saw 14 of its levels.
You also visited: Ossuary.

You collected 837 gold pieces.

Inventory:

Hand Weapons
 a - a +0 flail
 O - a +7 morningstar of flaming (weapon)
 P - a +2 falchion of flaming
Missiles
 A - 2 throwing nets (quivered)
Armour
 b - a +0 cloak (worn)
 l - a +1 pair of gloves (worn)
 q - a +0 large shield (worn)
 H - a cursed +0 plate armour (worn)
 J - a +0 chain mail of cold resistance
Jewellery
 k - an amulet of rage (around neck)
 v - an uncursed ring of fire
 x - a ring of magical power (left hand)
 S - a +2 ring of evasion {unknown}
 U - a +5 amulet of reflection {unknown}
Wands
 m - a wand of iceblast (8/15)
 y - a wand of lightning (0/15)
Scrolls
 h - 4 scrolls of blinking
 o - a scroll of noise {unknown}
 r - 6 scrolls of remove curse {@r2}
 s - 4 scrolls of fog
 t - 2 scrolls of random uselessness
 u - 4 scrolls of amnesia
 C - 4 scrolls of teleportation
 E - 3 scrolls of silence
 I - 2 scrolls of recharging
 K - 2 scrolls of immolation
 L - a scroll of vulnerability {unknown}
 T - 2 scrolls of summoning {unknown}
Potions
 c - 4 potions of haste {unknown}
 g - 2 potions of flight {unknown}
 i - 3 potions of degeneration {unknown}
 j - a potion of resistance {unknown}
 n - 2 potions of magic {unknown}
 p - 5 potions of heal wounds
 w - 6 potions of lignification {unknown}
 z - 2 potions of brilliance {unknown}
 B - 4 potions of ambrosia {unknown}
 D - 5 potions of curing {unknown}
 F - 4 potions of might
 G - a potion of berserk rage {unknown}
 M - 2 potions of cancellation {unknown}
 N - 2 potions of mutation {unknown}
 R - a potion of invisibility {unknown}
Comestibles
 d - 11 bread rations
 e - a meat ration
 f - 20 fruits
 Q - 6 royal jellies


   Skills:
 + Level 12.3 Fighting
 + Level 12.2 Maces & Flails
 + Level 12.5 Armour
 + Level 10.8 Dodging
 + Level 12.3 Shields


You had 12 spell levels left.
You didn't know any spells.

Dungeon Overview and Level Annotations

Branches:
Dungeon (13/15)            Temple (0/1) D:4            Lair (1/6) D:10
    Orc (0/2) D:11         Vaults (0/5) D:13

Altars:
Ashenzari
Cheibriados
Dithmenos
Elyvilon
Fedhas
Nemelex Xobeh
Qazlal
Ru
Sif Muna
Trog
Zin

Shops:
D:4 =*   D:11 [(   D:13 (

Annotations:
D:5 1 runed door


Innate Abilities, Weirdness & Mutations

You reflexively headbutt those who attack you in melee.
You have a pair of horns on your head.


Message History

You block the komodo dragon's attack.
The komodo dragon completely misses you.
You furiously retaliate!
You headbutt the komodo dragon! You puncture the komodo dragon!
You burn the komodo dragon.
You kill the komodo dragon!
No target in view!
Some toadstools grow from a nearby corpse.
Fedhas appreciates your contribution to the ecosystem.
Found a glowing hat.
You now have 837 gold pieces (gained 19).
A nearby toadstool withers and dies.
A yak comes into view.
The yak bellows!
Save game and exit?
Warning: Cannot find file "HDamage.rc". (~/.crawlrc:4) Warning: Cannot find file "HDAColors.rc". (~/.crawlrc:5) Welcome back, kuniqs the Minotaur Fighter.
Fedhas says: Spread life and death.
Press ? for a list of commands and other information.
Are you sure you want to abandon this character and quit the game? (Confirm with "yes".)

...........#.#
............## ....
.............## .Y..
..............## .....
..##...........# .....
...###.........# ......
#.## ##PP......# #......
.## #P÷......##.......
..# #P........@.......
..# .##.................
.###....................
........................
........................
.......................#
.P##..................##
..###..................
..# ##................


You could see a yak.

Vanquished Creatures
  Kirke (D:12)
  Josephine (D:11)
  3 hydras
  A death knight (D:12)
  2 two-headed ogres
  4 skeletal warriors (D:12)
  An unseen horror (D:12)
  4 ugly things
  A manticore (D:13)
  A cyclops (D:11)
  A gargoyle (D:12)
  3 spiny frogs (Lair:1)
  A kobold demonologist (D:11)
  3 komodo dragons (Lair:1)
  3 freezing wraiths (D:12)
  3 trolls
  Grinder (D:5)
  A hornet (D:12)
  2 dream sheep (D:9)
  5 slime creatures (D:9)
  5 hippogriffs
  A wyvern (D:8)
  A vampire (D:10)
  2 shadows
  19 yaks
  3 wraiths (D:11)
  3 humans (D:12)
  2 hell hounds (D:10)
  2 water moccasins
  A soldier ant (D:12)
  5 sky beasts
  6 orc warriors
  4 black bears
  The ghost of kuniqs the Shield-Bearer, an amateur MiFi (D:3)
  3 phantoms
  2 ice beasts
  9 centaurs
  2 eyes of draining (D:12)
  3 ogres
  2 crocodiles (Lair:1)
  Blork the orc (D:5)
  9 big kobolds
  A gnoll sergeant (D:10)
  12 bullfrogs
  5 scorpions
  5 killer bees
  4 wights (D:8)
  A howler monkey (D:12)
  A bullfrog zombie (D:9)
  A crimson imp (D:7)
  6 jellies
  2 orc wizards
  5 bullfrog skeletons
  10 hounds
  5 centaur skeletons
  2 gnoll shamans (D:6)
  5 orc priests
  Terence (D:2)
  3 iguanas
  16 worker ants
  3 big kobold skeletons (Ossuary)
  4 mummies (Ossuary)
  A howler monkey zombie (D:9)
  Robin (D:4)
  20 gnolls
  A howler monkey skeleton (D:4)
  9 adders
  3 shadow imps
  An ooze (D:3)
  2 adder skeletons
  4 worms
  7 leopard geckos
  28 orcs
  6 giant cockroaches
  17 goblins
  20 hobgoblins
  12 jackals
  4 quokkas
  3 ball pythons
  5 bats (D:2)
  6 frilled lizards
  3 hobgoblin skeletons (Ossuary)
  A jackal skeleton (D:4)
  15 kobolds
  8 rats
397 creatures vanquished.

Vanquished Creatures (others)
  A human (D:12)
  2 necrophages (D:9)
  A killer bee zombie (D:10)
  2 worker ant zombies (D:7)
  An orc (D:12)
  293 toadstools
300 creatures vanquished.

Grand Total: 697 creatures vanquished

Notes
Turn   | Place    | Note
-------+----------+-------------------------------------------
     0 | D:1      | kuniqs the Minotaur Fighter began the quest for the Orb.
     0 | D:1      | Reached XP level 1. HP: 19/19 MP: 0/0
   314 | D:1      | Reached XP level 2. HP: 27/27 MP: 1/1
   580 | D:2      | Reached skill level 1 in Dodging
   670 | D:2      | Noticed Terence
   674 | D:2      | Reached XP level 3. HP: 29/33 MP: 2/2
   682 | D:2      | Killed Terence
   833 | D:2      | Reached XP level 4. HP: 36/40 MP: 3/3
  2032 | D:2      | Reached XP level 5. HP: 44/47 MP: 4/4
  2518 | D:3      | Noticed kuniqs's ghost (amateur MiFi)
  2535 | D:3      | Killed kuniqs's ghost
  2535 | D:3      | Reached XP level 6. HP: 34/55 MP: 5/5
  2858 | D:3      | Found a blossoming altar of Fedhas.
  2865 | D:3      | Became a worshipper of Fedhas Madash
  3106 | D:5      | Entered Level 5 of the Dungeon
  3265 | D:4      | Reached skill level 5 in Armour
  3378 | D:4      | Found a staircase to the Ecumenical Temple.
  3410 | D:4      | Noticed Robin
  3417 | D:4      | Killed Robin
  3417 | D:4      | Reached skill level 5 in Fighting
  3423 | D:4      | Reached skill level 5 in Shields
  3534 | D:4      | Found Kemaonwy's Assorted Antiques.
  3601 | D:4      | Found Owked's Jewellery Shoppe.
  3734 | D:4      | Reached XP level 7. HP: 39/61 MP: 6/6
  3765 | D:4      | Reached skill level 5 in Maces & Flails
  4193 | D:5      | Found a runed door.
  4220 | D:5      | Found a shadowy altar of Dithmenos.
  4230 | D:5      | Reached * piety under Fedhas
  4235 | D:5      | Noticed a fire elemental
  4244 | D:5      | Found a stormy altar of Qazlal.
  4245 | D:5      | Noticed a water elemental
  4245 | D:5      | Noticed an air elemental
  4438 | D:5      | Noticed Grinder
  4442 | D:5      | Paralysed by Grinder for 2 turns
  4445 | D:5      | Killed Grinder
  4476 | D:5      | Found a runed door.
  4570 | D:5      | Found a shattered altar of Ashenzari.
  4576 | D:5      | Noticed Blork the orc
  4589 | D:5      | Killed Blork the orc
  4589 | D:5      | Reached XP level 8. HP: 65/70 MP: 7/7
  5305 | D:6      | Found a sand-covered staircase.
  5322 | D:6      | Reached skill level 5 in Dodging
  5344 | Ossuary  | Entered an ossuary
  5565 | Ossuary  | Reached ** piety under Fedhas
  5800 | D:6      | Reached XP level 9. HP: 70/79 MP: 8/8
  5802 | D:6      | Found a glowing silver altar of Zin.
  5991 | D:7      | Reached *** piety under Fedhas
  7116 | D:7      | Reached **** piety under Fedhas
  7244 | D:7      | Found a white marble altar of Elyvilon.
  7244 | D:7      | Found a sparkling altar of Nemelex Xobeh.
  7608 | D:7      | Reached XP level 10. HP: 75/90 MP: 9/9
  8421 | D:8      | Found a bloodstained altar of Trog.
  8582 | D:8      | Found a sacrificial altar of Ru.
  8705 | D:8      | Found a deep blue altar of Sif Muna.
  9106 | D:9      | Reached ***** piety under Fedhas
  9175 | D:9      | Noticed a two-headed hydra
  9178 | D:9      | Killed a one-headed hydra
  9312 | D:9      | Reached XP level 11. HP: 82/99 MP: 10/10
  9424 | D:9      | Reached skill level 10 in Shields
  9440 | D:9      | Reached skill level 10 in Fighting
  9440 | D:9      | Reached skill level 10 in Armour
  9936 | D:10     | Entered Level 10 of the Dungeon
  9960 | D:10     | You fall through a shaft for 3 floors!
 10073 | D:13     | Found Huomeash's Antique Weapon Emporium.
 10080 | D:13     | Reached skill level 10 in Maces & Flails
 10178 | D:13     | Noticed a red ugly thing
 10191 | D:13     | Killed a red ugly thing
 10378 | D:13     | Noticed a purple ugly thing
 10391 | D:13     | Killed a purple ugly thing
 10405 | D:13     | Noticed a two-headed ogre
 10406 | D:13     | Noticed an ogre mage
 10406 | D:13     | Noticed a two-headed ogre
 10797 | D:11     | Found a staircase to the Orcish Mines.
 10800 | D:11     | Found Perolo's Armour Boutique.
 10934 | D:11     | Found Reingyly's Antique Weapon Shoppe.
 10966 | D:11     | Noticed Josephine
 10968 | D:11     | Found a snail-covered altar of Cheibriados.
 10982 | D:11     | Killed Josephine
 11274 | D:10     | Found a staircase to the Lair.
 11308 | D:10     | Reached XP level 12. HP: 104/110 MP: 11/11
 12530 | D:12     | Noticed Kirke
 12542 | D:12     | Killed Kirke
 12645 | D:12     | Noticed a six-headed hydra
 12655 | D:12     | Killed a six-headed hydra
 12655 | D:12     | Reached skill level 10 in Dodging
 12776 | D:12     | Noticed a two-headed ogre
 12783 | D:12     | Killed a two-headed ogre
 13356 | D:13     | Killed a two-headed ogre
 13367 | D:13     | Found a gate to the Vaults.
 13410 | D:13     | Noticed an eight-headed hydra
 13416 | D:13     | Killed an eight-headed hydra
 13488 | D:12     | Noticed a death knight
 13514 | D:12     | Killed a death knight
 13527 | D:12     | Reached XP level 13. HP: 68/118 MP: 12/12
 13795 | Lair:1   | Entered Level 1 of the Lair of Beasts
 13919 | Lair:1   | Reached ****** piety under Fedhas
 13931 | Lair:1   | Quit the game

Skill      XL: |  1  2  3  4  5  6  7  8  9 10 11 12 |
---------------+-------------------------------------+-----
Armour         | 4 5 6 7 8 9 11 12 | 12.5
Dodging        | 1 2 3 4 5 6 8 9 10 | 10.8
Fighting       | 4 5 6 7 8 9 11 12 | 12.3
Maces & Flails | 3 4 5 6 8 9 10 12 | 12.2
Shields        | 4 5 6 7 8 9 11 12 | 12.3

Action                   |  1- 3 |  4- 6 |  7- 9 | 10-12 | 13-15 || total
-------------------------+-------+-------+-------+-------+-------++-------
Melee: Flail             |    85 |   233 |   413 |    98 |       ||   829
       Headbutt          |    11 |    39 |    92 |   161 |    12 ||   315
       Morningstar       |       |       |       |   568 |    41 ||   609
       Falchion          |       |       |       |     4 |       ||     4
Invok: Fungal Bloom      |       |     6 |    38 |    56 |     4 ||   104
       Growth            |       |       |       |     1 |       ||     1
 Abil: Evoke Berserk Rag |       |     1 |       |       |       ||     1
Evoke: Wand              |       |       |     4 |       |       ||     4
  Use: Potion            |       |       |     2 |     1 |       ||     3
       Scroll            |       |       |       |    19 |       ||    19
 Stab: Distracted        |       |       |     1 |     1 |       ||     2
  Eat: Chunk             |       |     8 |     1 |     1 |       ||    10
       Royal jelly       |       |     1 |     1 |       |       ||     2
       Meat ration       |       |       |     2 |     6 |       ||     8
       Bread ration      |       |       |       |     2 |       ||     2
Armor: Scale mail        |    27 |    75 |    68 |       |       ||   170
       Plate armour      |       |       |    41 |   281 |     1 ||   323
Dodge: Dodged            |    22 |    74 |    90 |   127 |     6 ||   319
Block: Shield            |    41 |   117 |       |       |       ||   158
       Large shield      |       |     9 |   346 |   601 |    25 ||   981
       Rpst.: Falchion   |       |       |       |     1 |       ||     1
